Rafales vs Sewer Rats

Created - January 24, 2020 at 19:49

Goals
1 2 3 OT1 T
Rafales 0 1 1 0 2
Sewer Rats 0 2 0 1 3
Shots
1 2 3 OT1 T
Rafales 9 10 10 0 29
Sewer Rats 8 13 4 1 26

1st period

No Goal

Penalties :
Kevin Veilleux (Stf) for Boarding (Minor) at 2:04, Jarred Tinordi (Tol) for Hooking (Minor) at 18:38

2nd period

1. Sewer Rats , Steven Kampfer 2 (Tomas Tatar 15, Mark Mancari 34) at 7:50 (PP)
2. Sewer Rats , Joseph Blandisi 7 (John Ramage 4, Martin Frk 18) at 14:10
3. Rafales , Connor Murphy 5 (Bruno Gervais 14, Tim Crowder 10) at 15:04

Penalties :
Slater Koekkoek (Stf) for Holding (Minor) at 6:51, Daniel Carr (Tol) for Hooking (Minor) at 8:08, Tomas Tatar (Tol) for Roughing (Minor) at 15:59

3rd period

4. Rafales , Joe Labate 2 (Borna Rendulic 5, Julian Melchiori 16) at 8:09

Penalties :
Chris Terry (Stf) for Holding (Minor) at 1:32, Dmitrij Jaskin (Tol) for Boarding (Minor) at 5:28, Nick Cousins (Tol) for Tripping (Minor) at 12:57

Overtime #1

5. Sewer Rats , Tomas Tatar 23 (Mark Mancari 35) at 0:06

Penalties :
No Penalty

Goalie Stats

Jake Allen (Stf), 23 saves from 26 shots - (0.885), OTL, 12-8-3, 60:06 minutes
Marek Mazanek (Tol), 27 saves from 29 shots - (0.931), W, 20-5-2, 60:06 minutes

Players Stats for Rafales

Player Name              G  A  P  +/- PIM S  H  SB GA TA FO     MP     PP MP  PK MP  
------------------------------------------------------------------------------------
Akim Aliu                0  0  0   0  0   1  0  0  0  0  0/0     1:03   0:00   0:34 
Andrew Shaw              0  0  0  -1  0   5  3  0  1  0  0/1    23:17   5:51   2:51 
Ben Johnson              0  0  0   0  0   0  0  0  0  0  0/0     0:00   0:00   0:00 
Ben Sexton               0  0  0   1  0   0  0  0  0  0  0/0     3:20   0:00   0:00 
Ben Thomson              0  0  0   1  0   1  1  0  0  0  1/1     6:28   0:00   0:00 
Borna Rendulic           0  1  1   1  0   1  0  0  0  0  0/0     6:46   0:16   0:00 
Brad Ross                0  0  0   0  0   0  0  0  0  0  0/0     0:32   0:00   0:28 
Brian Ferlin             0  0  0   0  0   0  0  0  0  0  0/0    17:45   3:41   1:37 
Bruno Gervais            0  1  1   0  0   3  2  2  1  0  0/0    32:30   6:24   3:40 
Carl Klingberg           0  0  0  -1  0   2  1  2  2  0  1/8    22:48   5:51   2:47 
Chris Terry              0  0  0   0  2   0  3  0  0  0  0/0    15:35   3:44   0:00 
Connor Murphy            1  0  1   0  0   3  1  3  1  0  0/0    29:07   5:44   2:40 
David Broll              0  0  0   0  0   0  0  0  0  0  0/0     0:00   0:00   0:00 
James Marcou             0  0  0   0  0   0  0  0  0  0  0/0     0:31   0:23   0:00 
Jayson Megna             0  0  0   0  0   1  2  1  0  0  3/11   12:11   0:00   0:00 
Joe Labate               1  0  1   1  0   2  3  0  0  0  2/2     6:28   0:00   0:00 
Joey Laleggia            0  0  0   0  0   1  0  2  0  0  0/0     7:01   0:23   0:47 
Julian Melchiori         0  1  1  -1  0   1  6  2  0  2  0/0    27:23   4:11   2:17 
Kevin Veilleux           0  0  0   0  2   2  1  1  0  0  3/7    16:06   3:48   0:00 
Maksim Mayorov           0  0  0   0  0   0  4  0  0  0  0/0    12:11   0:00   0:00 
Nathan Davis             0  0  0   0  0   3  5  1  0  0  8/26   21:32   5:51   1:37 
Ryan Bourque             0  0  0   0  0   0  0  0  0  0  0/0     0:28   0:20   0:00 
Slater Koekkoek          0  0  0   0  2   0  0  1  0  0  0/0    20:11   3:08   0:30 
Tim Crowder              0  1  1   0  0   3  0  0  1  0  0/0    12:11   0:00   0:00 
Tyrell Goulbourne        0  0  0   0  0   0  0  0  0  0  0/0     0:00   0:00   0:00 

Players Stats for Sewer Rats

Player Name              G  A  P  +/- PIM S  H  SB GA TA FO     MP     PP MP  PK MP  
------------------------------------------------------------------------------------
Connor Carrick           0  0  0   0  0   0  0  2  0  0  0/0    13:02   0:15   1:20 
Daniel Carr              0  0  0   0  2   0  0  0  0  1  1/1    17:34   1:54   2:09 
Dmitrij Jaskin           0  0  0   0  2   0  1  0  0  0  0/0     6:10   0:15   0:00 
Erik Condra              0  0  0   0  0   0  1  0  0  0  0/1    17:58   1:54   2:29 
Jared McCann             0  0  0  -1  0   1  0  0  0  1  5/8    12:21   0:00   0:00 
Jarred Tinordi           0  0  0   0  2   1  2  3  0  1  0/0    27:42   3:01   4:41 
Joel Edmundson           0  0  0   0  0   0  3  0  0  1  0/0    19:53   1:56   3:52 
John Ramage              0  1  1   0  0   1  0  3  0  0  0/0    11:02   0:00   0:00 
Jonathan Marchessault    0  0  0   0  0   4  4  0  0  0  18/24  20:06   2:48   2:29 
Joseph Blandisi          1  0  1  -1  0   2  0  0  0  0  0/1    14:47   0:00   2:13 
Mark Mancari             0  2  2   1  0   6  2  2  1  0  10/13  25:01   2:48   5:26 
Martin Frk               0  1  1  -1  0   4  2  1  1  0  0/0    12:51   0:15   0:00 
Michael Dal Colle        0  0  0   0  0   0  0  0  0  0  0/0     5:24   0:00   0:15 
Nick Cousins             0  0  0   0  2   2  2  0  0  1  4/7    16:09   1:54   0:30 
Stefan Elliott           0  0  0   0  0   0  3  1  0  0  0/0    19:53   1:56   3:52 
Steven Kampfer           1  0  1   0  0   2  1  2  0  1  0/0    24:58   3:01   6:03 
Tomas Tatar              1  1  2   1  2   3  1  0  0  0  0/1    21:18   2:48   4:19 
Xavier Ouellet           0  0  0   0  0   0  0  0  0  0  0/0     4:15   0:00   0:02 

3 Stars

1 - Mark Mancari (Tol)
2 - Tomas Tatar (Tol)
3 - Joe Labate (Stf)

Power Play

Rafales - 0 on 5 Attempt(s) - 0.00%
Sewer Rats - 1 on 3 Attempt(s) - 33.33%

Penalty Kill

Rafales - 2 on 3 Attempt(s) - 66.67% - Score 0 goal in Penalty Kill
Sewer Rats - 5 on 5 Attempt(s) - 100.00% - Score 0 goal in Penalty Kill

Team Stat

Rafales - Hits : 32 - Faceoff Wins : 18 - Blocked Shots : 15 - Penalty Minutes : 6
Sewer Rats - Hits : 22 - Faceoff Wins : 38 - Blocked Shots : 14 - Penalty Minutes : 10

Official

Referees : Unknown
Linesman : Unknown

Game Notes

Joey Laleggia is injured at 1:02 of 2nd period (Right Knee)

Finance

Level 1 -- Attendance: 1687 (84.35%) -- Ticket Income $59,045
Level 2 -- Attendance: 948 (94.80%) -- Ticket Income $16,116
Total Attendance: 2635 (87.83%)
Total Ticket Income: $75,161
Other Income: $3,758
Total Income: $78,919

Rafales

5 vs 5 Forward 
   Center                   Left Wing                Right Wing               Time % Phy DF OF 
 1 Nathan Davis             Carl Klingberg           Andrew Shaw              40     1   2  2  
 2 Kevin Veilleux           Chris Terry              Brian Ferlin             30     1   2  2  
 3 Jayson Megna             Maksim Mayorov           Tim Crowder              20     1   2  2  
 4 Joe Labate               Ben Thomson              Borna Rendulic           10     1   2  2  

5 vs 5 Defense 
   Defense                  Defense                                           Time % Phy DF OF 
 1 Bruno Gervais            Connor Murphy                                     40     1   2  2  
 2 Julian Melchiori         Joey Laleggia                                     30     1   2  2  
 3 Slater Koekkoek          Bruno Gervais                                     20     1   2  2  
 4 Connor Murphy            Julian Melchiori                                  10     1   2  2  

PowerPlay Forward 
   Center                   Left Wing                Right Wing               Time % Phy DF OF 
 1 Nathan Davis             Carl Klingberg           Andrew Shaw              60     1   2  2  
 2 Kevin Veilleux           Chris Terry              Brian Ferlin             40     1   2  2  

PowerPlay Defense
   Defense                  Defense                                           Time % Phy DF OF 
 1 Bruno Gervais            Connor Murphy                                     60     1   2  2  
 2 Julian Melchiori         Joey Laleggia                                     40     1   2  2  

Penalty Kill 4 Players Forward 
   Center                   Wing                     Time % Phy DF OF 
 1 Carl Klingberg           Andrew Shaw              60     1   2  2  
 2 Nathan Davis             Brian Ferlin             40     1   2  2  

Penalty Kill 4 Players Defense
   Defense                  Defense                  Time % Phy DF OF 
 1 Bruno Gervais            Connor Murphy            60     1   2  2  
 2 Julian Melchiori         Joey Laleggia            40     1   2  2  

Penalty Kill - 3 Players Forward 
   Forward                                           Time % Phy DF OF 
 1 Carl Klingberg                                    60     1   2  2  
 2 Andrew Shaw                                       40     1   2  2  

Penalty Kill - 3 Players Defense
   Defense                  Defense                  Time % Phy DF OF 
 1 Bruno Gervais            Connor Murphy            60     1   2  2  
 2 Julian Melchiori         Joey Laleggia            40     1   2  2  

4 vs 4 Forward 
   Center                   Wing                     Time % Phy DF OF 
 1 Carl Klingberg           Andrew Shaw              60     1   2  2  
 2 Nathan Davis             Brian Ferlin             40     1   2  2  

4 vs 4 Defense
   Defense                  Defense                  Time % Phy DF OF 
 1 Bruno Gervais            Connor Murphy            60     1   2  2  
 2 Julian Melchiori         Joey Laleggia            40     1   2  2  

Last Minutes Offensive
   Center                   Left Wing                Right Wing               Defense                  Defense                  
   Nathan Davis             Carl Klingberg           Andrew Shaw              Bruno Gervais            Connor Murphy            

Last Minutes Defensive
   Center                   Left Wing                Right Wing               Defense                  Defense                  
   Nathan Davis             Carl Klingberg           Andrew Shaw              Bruno Gervais            Connor Murphy            

Goaltenders
Starting : Jake Allen               
Backup : Leland Irving            

Extra Forwards
Normal : James Marcou, Ryan Bourque, Akim Aliu - PP : James Marcou, Ryan Bourque - PK : Akim Aliu
Extra Defensemen
Normal : Slater Koekkoek, Joey Laleggia, Bruno Gervais - PP : Slater Koekkoek - PK : Joey Laleggia, Bruno Gervais
Penalty Shots
Carl Klingberg, Andrew Shaw, Nathan Davis, Brian Ferlin, Tim Crowder

Scratches
Dylan McIlrath (Healthy), Chris Driedger (Healthy), Sean Maguire (Healthy)

Sewer Rats

5 vs 5 Forward 
   Center                   Left Wing                Right Wing               Time % Phy DF OF 
 1 Jonathan Marchessault    Tomas Tatar              Mark Mancari             40     1   2  2  
 2 Nick Cousins             Daniel Carr              Erik Condra              30     1   2  2  
 3 Jared McCann             Joseph Blandisi          Martin Frk               20     1   2  2  
 4 Mark Mancari             Michael Dal Colle        Dmitrij Jaskin           10     1   2  2  

5 vs 5 Defense 
   Defense                  Defense                                           Time % Phy DF OF 
 1 Jarred Tinordi           Steven Kampfer                                    40     1   2  2  
 2 Stefan Elliott           Joel Edmundson                                    30     1   2  2  
 3 John Ramage              Connor Carrick                                    20     1   2  2  
 4 Xavier Ouellet           Jarred Tinordi                                    10     1   2  2  

PowerPlay Forward 
   Center                   Left Wing                Right Wing               Time % Phy DF OF 
 1 Jonathan Marchessault    Tomas Tatar              Mark Mancari             60     1   2  2  
 2 Nick Cousins             Daniel Carr              Erik Condra              40     1   2  2  

PowerPlay Defense
   Defense                  Defense                                           Time % Phy DF OF 
 1 Jarred Tinordi           Steven Kampfer                                    60     1   2  2  
 2 Stefan Elliott           Joel Edmundson                                    40     1   2  2  

Penalty Kill 4 Players Forward 
   Center                   Wing                     Time % Phy DF OF 
 1 Mark Mancari             Tomas Tatar              60     1   2  2  
 2 Erik Condra              Jonathan Marchessault    40     1   2  2  

Penalty Kill 4 Players Defense
   Defense                  Defense                  Time % Phy DF OF 
 1 Jarred Tinordi           Steven Kampfer           60     1   2  2  
 2 Stefan Elliott           Joel Edmundson           40     1   2  2  

Penalty Kill - 3 Players Forward 
   Forward                                           Time % Phy DF OF 
 1 Mark Mancari                                      60     1   2  2  
 2 Tomas Tatar                                       40     1   2  2  

Penalty Kill - 3 Players Defense
   Defense                  Defense                  Time % Phy DF OF 
 1 Jarred Tinordi           Steven Kampfer           60     1   2  2  
 2 Stefan Elliott           Joel Edmundson           40     1   2  2  

4 vs 4 Forward 
   Center                   Wing                     Time % Phy DF OF 
 1 Mark Mancari             Tomas Tatar              60     1   2  2  
 2 Erik Condra              Jonathan Marchessault    40     1   2  2  

4 vs 4 Defense
   Defense                  Defense                  Time % Phy DF OF 
 1 Jarred Tinordi           Steven Kampfer           60     1   2  2  
 2 Stefan Elliott           Joel Edmundson           40     1   2  2  

Last Minutes Offensive
   Center                   Left Wing                Right Wing               Defense                  Defense                  
   Jonathan Marchessault    Tomas Tatar              Mark Mancari             Jarred Tinordi           Steven Kampfer           

Last Minutes Defensive
   Center                   Left Wing                Right Wing               Defense                  Defense                  
   Jonathan Marchessault    Tomas Tatar              Mark Mancari             Jarred Tinordi           Steven Kampfer           

Goaltenders
Starting : Marek Mazanek            
Backup : Darcy Kuemper            

Extra Forwards
Normal : Martin Frk, Dmitrij Jaskin, Joseph Blandisi - PP : Martin Frk, Dmitrij Jaskin - PK : Joseph Blandisi
Extra Defensemen
Normal : John Ramage, Connor Carrick, Xavier Ouellet - PP : John Ramage - PK : Connor Carrick, Xavier Ouellet
Penalty Shots
Mark Mancari, Tomas Tatar, Erik Condra, Jonathan Marchessault, Daniel Carr

Scratches
Vincent Trocheck (Torso Injury), Dominik Kubalik (Healthy), Ryan Murphy (Bruised Right Shoulder Injury), Josh Archibald (Healthy), Jonathan Racine (Healthy)
Tyler Motte (Healthy), Chris Calhan (Healthy), Anthony Duclair (Healthy), Mark Friedman (Healthy), Matteson Iacopelli (Healthy)
Sergei Kostenko (Healthy), Antoine Bibeau (Healthy)

% Time on Ice - Rafales

Lines # - Real PCT - Wanted PCT - Time Play
Normal Forward
1 - 32% - 40% - 14:35
2 - 26% - 30% - 11:54
3 - 27% - 20% - 12:11
4 - 14% - 10% - 6:28
Normal Defense
1 - 33% - 40% - 15:06
2 - 46% - 30% - 20:55
3 - 12% - 20% - 5:35
4 - 8% - 10% - 3:32
PP Forward
1 - 62% - 60% - 6:07
2 - 38% - 40% - 3:48
PP Defense
1 - 55% - 60% - 5:27
2 - 45% - 40% - 4:28
PK Forward
1 - 67% - 60% - 3:20
2 - 33% - 40% - 1:37
PK Defense
1 - 54% - 60% - 2:40
2 - 46% - 40% - 2:17
PK3 Forward
1 - 0% - 60%
2 - 0% - 40%
PK3 Defense
1 - 0% - 60%
2 - 0% - 40%
44 Forward
1 - 100% - 60% - 0:06
2 - 0% - 40% - 0:00
44 Defense
1 - 100% - 60% - 0:06
2 - 0% - 40% - 0:00
Last Minute Offensive  - 0:00
Last Minute Defensive  - 0:00
Total
Forward - 60:06
Defense - 60:06

% Time on Ice - Sewer Rats

Lines # - Real PCT - Wanted PCT - Time Play
Normal Forward
1 - 31% - 40% - 14:03
2 - 30% - 30% - 13:35
3 - 27% - 20% - 12:21
4 - 11% - 10% - 5:09
Normal Defense
1 - 35% - 40% - 15:48
2 - 31% - 30% - 14:05
3 - 24% - 20% - 11:02
4 - 9% - 10% - 4:13
PP Forward
1 - 62% - 60% - 3:03
2 - 38% - 40% - 1:54
PP Defense
1 - 61% - 60% - 3:01
2 - 39% - 40% - 1:56
PK Forward
1 - 75% - 60% - 7:26
2 - 25% - 40% - 2:29
PK Defense
1 - 61% - 60% - 6:03
2 - 39% - 40% - 3:52
PK3 Forward
1 - 0% - 60%
2 - 0% - 40%
PK3 Defense
1 - 0% - 60%
2 - 0% - 40%
44 Forward
1 - 100% - 60% - 0:06
2 - 0% - 40% - 0:00
44 Defense
1 - 100% - 60% - 0:06
2 - 0% - 40% - 0:00
Last Minute Offensive  - 0:00
Last Minute Defensive  - 0:00
Total
Forward - 60:06
Defense - 60:06

Play-by-Play

1st period


0:01 of 1st period - Jonathan Marchessault wins face-off versus Nathan Davis in neutral zone.
0:06 of 1st period - Snap shot by Mark Mancari.
0:06 of 1st period - Shot Misses the Net.
0:08 of 1st period - Wrist shot by Tomas Tatar.
0:08 of 1st period - Stopped by Jake Allen with a rebound.
0:10 of 1st period - Slapshot by Jarred Tinordi.
0:10 of 1st period - Shot Blocked by Bruno Gervais.
0:45 of 1st period - Wrist shot by Tim Crowder.
0:45 of 1st period - Shot Misses the Net.
1:05 of 1st period - Dmitrij Jaskin is hit by Joe Labate and loses puck.
1:32 of 1st period - Daniel Carr is hit by Carl Klingberg and loses puck.
1:47 of 1st period - Joel Edmundson is hit by Chris Terry and loses puck.
1:52 of 1st period - Wrist shot by Brian Ferlin.
1:52 of 1st period - Shot Misses the Net.
1:56 of 1st period - Snap shot by Brian Ferlin.
1:56 of 1st period - Shot Misses the Net.
2:04 of 1st period - Minor Penalty to Kevin Veilleux for Boarding.
2:05 of 1st period - Jonathan Marchessault wins face-off versus Carl Klingberg in Rafales zone.
2:12 of 1st period - Snap shot by Tomas Tatar.
2:12 of 1st period - Shot Misses the Net.
2:32 of 1st period - Daniel Carr is hit by Nathan Davis and loses puck.
2:39 of 1st period - Connor Murphy is hit by Nick Cousins and loses puck.
2:56 of 1st period - Julian Melchiori is hit by Jonathan Marchessault and loses puck.
3:17 of 1st period - Julian Melchiori is hit by Nick Cousins and loses puck.
3:27 of 1st period - Off-side.
3:28 of 1st period - Jonathan Marchessault wins face-off versus Nathan Davis in neutral zone.
3:53 of 1st period - Connor Murphy is hit by Mark Mancari and loses puck.
4:04 of 1st period - Penalty to Kevin Veilleux is over, Kevin Veilleux is back on ice.
4:18 of 1st period - Wrist shot by Martin Frk.
4:18 of 1st period - Shot Misses the Net.
4:20 of 1st period - Wrist shot by Jared McCann.
4:20 of 1st period - Shot Blocked by Bruno Gervais.
4:22 of 1st period - Slapshot by John Ramage.
4:22 of 1st period - Deflect By Connor Murphy.
4:22 of 1st period - Stopped by Jake Allen with a rebound.
4:24 of 1st period - Snap shot by Jared McCann.
4:24 of 1st period - Stopped by Jake Allen with a rebound.
4:56 of 1st period - Julian Melchiori is hit by Martin Frk and loses puck.
5:13 of 1st period - Erik Condra is hit by Chris Terry and loses puck.
6:50 of 1st period - Kevin Veilleux is hit by Jonathan Marchessault.
7:04 of 1st period - Slapshot by Borna Rendulic.
7:04 of 1st period - Shot Misses the Net.
7:06 of 1st period - Slapshot by Bruno Gervais.
7:06 of 1st period - Shot Blocked by Connor Carrick.
7:08 of 1st period - Slapshot by Bruno Gervais.
7:08 of 1st period - Shot Blocked by Connor Carrick.
7:10 of 1st period - Slapshot by Bruno Gervais.
7:10 of 1st period - Deflect By John Ramage.
7:10 of 1st period - Stopped by Marek Mazanek without a rebound.
7:11 of 1st period - Jared McCann wins face-off versus Jayson Megna in Sewer Rats zone.
7:26 of 1st period - Connor Murphy is hit by Jarred Tinordi and loses puck.
7:43 of 1st period - Icing by Jayson Megna.
7:44 of 1st period - Nick Cousins wins face-off versus Jayson Megna in Rafales zone.
7:57 of 1st period - Snap shot by Tim Crowder.
7:57 of 1st period - Shot Misses the Net.
7:59 of 1st period - Slapshot by Connor Murphy.
7:59 of 1st period - Deflect By Jayson Megna.
7:59 of 1st period - Shot Misses the Net.
7:59 of 1st period - Puck is out of play.
8:00 of 1st period - Nathan Davis wins face-off versus Jonathan Marchessault in Sewer Rats zone.
8:13 of 1st period - Snap shot by Nathan Davis.
8:13 of 1st period - Shot Misses the Net.
8:15 of 1st period - Slapshot by Nathan Davis.
8:15 of 1st period - Stopped by Marek Mazanek without a rebound.
8:16 of 1st period - Jonathan Marchessault wins face-off versus Kevin Veilleux in Sewer Rats zone.
8:42 of 1st period - Wrist shot by Andrew Shaw.
8:42 of 1st period - Shot Blocked by Jarred Tinordi.
8:44 of 1st period - Slapshot by Joey Laleggia.
8:44 of 1st period - Stopped by Marek Mazanek with a rebound.
9:10 of 1st period - Jared McCann is hit by Maksim Mayorov and loses puck.
9:41 of 1st period - Erik Condra is hit by Chris Terry.
10:23 of 1st period - Wrist shot by Martin Frk.
10:23 of 1st period - Shot Blocked by Joey Laleggia.
10:33 of 1st period - Wrist shot by Martin Frk.
10:33 of 1st period - Shot Misses the Net.
10:43 of 1st period - Julian Melchiori is hit by Erik Condra and loses puck.
10:50 of 1st period - Snap shot by Nick Cousins.
10:50 of 1st period - Shot Misses the Net.
11:35 of 1st period - Snap shot by Joe Labate.
11:35 of 1st period - Stopped by Marek Mazanek without a rebound.
11:36 of 1st period - Nathan Davis wins face-off versus Jared McCann in Sewer Rats zone.
12:29 of 1st period - Snap shot by Mark Mancari.
12:29 of 1st period - Stopped by Jake Allen with a rebound.
13:09 of 1st period - Erik Condra is hit by Bruno Gervais and loses puck.
13:22 of 1st period - Wrist shot by Jonathan Marchessault.
13:22 of 1st period - Shot Misses the Net.
13:24 of 1st period - Snap shot by Mark Mancari.
13:24 of 1st period - Shot Blocked by Connor Murphy.
13:26 of 1st period - Wrist shot by Jonathan Marchessault.
13:26 of 1st period - Stopped by Jake Allen without a rebound.
13:27 of 1st period - Jonathan Marchessault wins face-off versus Nathan Davis in Rafales zone.
13:36 of 1st period - Jonathan Marchessault is hit by Andrew Shaw and loses puck.
14:15 of 1st period - Wrist shot by Jonathan Marchessault.
14:15 of 1st period - Shot Misses the Net.
14:29 of 1st period - Slapshot by Tomas Tatar.
14:29 of 1st period - Shot Misses the Net.
14:31 of 1st period - Snap shot by Mark Mancari.
14:31 of 1st period - Stopped by Jake Allen with a rebound.
15:00 of 1st period - Snap shot by Tomas Tatar.
15:00 of 1st period - Stopped by Jake Allen with a rebound.
15:02 of 1st period - Wrist shot by Mark Mancari.
15:02 of 1st period - Stopped by Jake Allen without a rebound.
15:03 of 1st period - Daniel Carr wins face-off versus Kevin Veilleux in Rafales zone.
15:34 of 1st period - Wrist shot by Tim Crowder.
15:34 of 1st period - Stopped by Marek Mazanek without a rebound.
15:35 of 1st period - Kevin Veilleux wins face-off versus Jared McCann in Sewer Rats zone.
15:58 of 1st period - Maksim Mayorov is hit by Joel Edmundson and loses puck.
16:20 of 1st period - Julian Melchiori is hit by Joel Edmundson and loses puck.
16:49 of 1st period - Slapshot by Connor Murphy.
16:49 of 1st period - Deflect By Jarred Tinordi.
16:49 of 1st period - Stopped by Marek Mazanek with a rebound.
16:51 of 1st period - Snap shot by Connor Murphy.
16:51 of 1st period - Shot Misses the Net.
17:07 of 1st period - Jarred Tinordi is hit by Joe Labate and loses puck.
17:54 of 1st period - Icing by Joe Labate.
17:55 of 1st period - Joe Labate wins face-off versus Erik Condra in Rafales zone.
18:10 of 1st period - Wrist shot by Nathan Davis.
18:10 of 1st period - Deflect By Andrew Shaw.
18:10 of 1st period - Stopped by Marek Mazanek without a rebound.
18:11 of 1st period - Nathan Davis wins face-off versus Joseph Blandisi in Sewer Rats zone.
18:12 of 1st period - Wrist shot by Carl Klingberg.
18:12 of 1st period - Stopped by Marek Mazanek without a rebound.
18:13 of 1st period - Jared McCann wins face-off versus Nathan Davis in Sewer Rats zone.
18:28 of 1st period - Wrist shot by Martin Frk.
18:28 of 1st period - Shot Blocked by Carl Klingberg.
18:38 of 1st period - Minor Penalty to Jarred Tinordi for Hooking.
18:39 of 1st period - Mark Mancari wins face-off versus Nathan Davis in Sewer Rats zone.
18:50 of 1st period - Steven Kampfer is hit by Andrew Shaw and loses puck.
19:15 of 1st period - Slapshot by Andrew Shaw.
19:15 of 1st period - Deflect By Nathan Davis.
19:15 of 1st period - Stopped by Marek Mazanek with a rebound.
19:31 of 1st period - Slapshot by Connor Murphy.
19:31 of 1st period - Shot Blocked by Stefan Elliott.
Goals for this period are 0 for Rafales vs 0 for Sewer Rats.
Shots for this period are 9 for Rafales vs 8 for Sewer Rats.

2nd period


0:01 of 2nd period - Mark Mancari wins face-off versus Nathan Davis in neutral zone.
0:05 of 2nd period - Off-side.
0:06 of 2nd period - Nathan Davis wins face-off versus Mark Mancari in neutral zone.
0:29 of 2nd period - Slapshot by Connor Murphy.
0:29 of 2nd period - Stopped by Marek Mazanek without a rebound.
0:30 of 2nd period - Kevin Veilleux wins face-off versus Mark Mancari in Sewer Rats zone.
0:33 of 2nd period - Wrist shot by Kevin Veilleux.
0:33 of 2nd period - Shot Misses the Net.
0:35 of 2nd period - Snap shot by Julian Melchiori.
0:35 of 2nd period - Stopped by Marek Mazanek without a rebound.
0:36 of 2nd period - Mark Mancari wins face-off versus Kevin Veilleux in Sewer Rats zone.
0:36 of 2nd period - Mark Mancari is hit by Kevin Veilleux.
0:38 of 2nd period - Penalty to Jarred Tinordi is over, Jarred Tinordi is back on ice.
0:42 of 2nd period - Joey Laleggia is hit by Tomas Tatar and loses puck.
1:02 of 2nd period - Wrist shot by Daniel Carr.
1:02 of 2nd period - Shot Blocked by Joey Laleggia.
1:02 of 2nd period - Joey Laleggia from Rafales is injured at 1:02 of 2nd period (Right Knee).
1:03 of 2nd period - Nathan Davis wins face-off versus Jonathan Marchessault in Rafales zone.
2:17 of 2nd period - Jonathan Marchessault is hit by Joe Labate and loses puck.
2:36 of 2nd period - Snap shot by Nick Cousins.
2:36 of 2nd period - Shot Misses the Net.
2:38 of 2nd period - Wrist shot by Nick Cousins.
2:38 of 2nd period - Shot Misses the Net.
3:15 of 2nd period - Steven Kampfer is hit by Julian Melchiori and loses puck.
3:28 of 2nd period - Daniel Carr is hit by Ben Thomson and loses puck.
3:47 of 2nd period - Slapshot by Julian Melchiori.
3:47 of 2nd period - Shot Misses the Net.
4:30 of 2nd period - Icing by Dmitrij Jaskin.
4:31 of 2nd period - Ben Thomson wins face-off versus Mark Mancari in Sewer Rats zone.
4:34 of 2nd period - Snap shot by Nathan Davis.
4:34 of 2nd period - Shot Blocked by Mark Mancari.
4:36 of 2nd period - Wrist shot by Nathan Davis.
4:36 of 2nd period - Shot Misses the Net.
4:56 of 2nd period - Erik Condra is hit by Julian Melchiori and loses puck.
5:19 of 2nd period - Snap shot by Martin Frk.
5:19 of 2nd period - Stopped by Jake Allen without a rebound.
5:20 of 2nd period - Jayson Megna wins face-off versus Jared McCann in Rafales zone.
5:41 of 2nd period - Icing by Julian Melchiori.
5:42 of 2nd period - Jayson Megna wins face-off versus Nick Cousins in Rafales zone.
5:47 of 2nd period - Steven Kampfer is hit by Bruno Gervais and loses puck.
5:52 of 2nd period - Wrist shot by Tim Crowder.
5:52 of 2nd period - Shot Misses the Net.
5:54 of 2nd period - Wrist shot by Jayson Megna.
5:54 of 2nd period - Stopped by Marek Mazanek without a rebound.
5:55 of 2nd period - Nathan Davis wins face-off versus Jonathan Marchessault in Sewer Rats zone.
6:02 of 2nd period - Snap shot by Andrew Shaw.
6:02 of 2nd period - Stopped by Marek Mazanek without a rebound.
6:03 of 2nd period - Jonathan Marchessault wins face-off versus Andrew Shaw in Sewer Rats zone.
6:32 of 2nd period - Snap shot by Daniel Carr.
6:32 of 2nd period - Shot Hit the Post.
6:34 of 2nd period - Slapshot by Erik Condra.
6:34 of 2nd period - Shot Blocked by Connor Murphy.
6:36 of 2nd period - Snap shot by Jarred Tinordi.
6:36 of 2nd period - Stopped by Jake Allen without a rebound.
6:37 of 2nd period - Jonathan Marchessault wins face-off versus Nathan Davis in Rafales zone.
6:38 of 2nd period - Wrist shot by Tomas Tatar.
6:38 of 2nd period - Deflect By Mark Mancari.
6:38 of 2nd period - Stopped by Jake Allen with a rebound.
6:40 of 2nd period - Wrist shot by Mark Mancari.
6:40 of 2nd period - Shot Misses the Net.
6:42 of 2nd period - Wrist shot by Tomas Tatar.
6:42 of 2nd period - Shot Blocked by Nathan Davis.
6:51 of 2nd period - Minor Penalty to Slater Koekkoek for Holding.
6:52 of 2nd period - Jonathan Marchessault wins face-off versus Carl Klingberg in Rafales zone.
6:54 of 2nd period - Wrist shot by Jonathan Marchessault.
6:54 of 2nd period - Stopped by Jake Allen with a rebound.
6:56 of 2nd period - Wrist shot by Jonathan Marchessault.
6:56 of 2nd period - Stopped by Jake Allen without a rebound.
6:57 of 2nd period - Jonathan Marchessault wins face-off versus Carl Klingberg in Rafales zone.
7:35 of 2nd period - Bruno Gervais is hit by Steven Kampfer and loses puck.
7:44 of 2nd period - Slapshot by Tomas Tatar.
7:44 of 2nd period - Shot Misses the Net.
7:46 of 2nd period - Slapshot by Steven Kampfer.
7:46 of 2nd period - Stopped by Jake Allen with a rebound.
7:48 of 2nd period - Slapshot by Steven Kampfer.
7:48 of 2nd period - Shot Misses the Net.
7:50 of 2nd period - Slapshot by Steven Kampfer.
7:50 of 2nd period - Goal by Steven Kampfer - Rafales : 0 - Sewer Rats : 1.
7:51 of 2nd period - Nick Cousins wins face-off versus Carl Klingberg in neutral zone.
8:06 of 2nd period - Snap shot by Nathan Davis.
8:06 of 2nd period - Deflect By Carl Klingberg.
8:06 of 2nd period - Stopped by Marek Mazanek with a rebound.
8:08 of 2nd period - Minor Penalty to Daniel Carr for Hooking.
8:09 of 2nd period - Mark Mancari wins face-off versus Nathan Davis in Sewer Rats zone.
8:09 of 2nd period - Mark Mancari is hit by Nathan Davis.
8:47 of 2nd period - Backhand shot by Jonathan Marchessault.
8:47 of 2nd period - Shot Misses the Net.
8:49 of 2nd period - Slapshot by Jonathan Marchessault.
8:49 of 2nd period - Stopped by Jake Allen without a rebound.
8:50 of 2nd period - Mark Mancari wins face-off versus Nathan Davis in Rafales zone.
8:59 of 2nd period - Slapshot by Nathan Davis.
8:59 of 2nd period - Shot Misses the Net.
10:06 of 2nd period - Kevin Veilleux is hit by Jonathan Marchessault and loses puck.
10:08 of 2nd period - Penalty to Daniel Carr is over, Daniel Carr is back on ice.
10:19 of 2nd period - Backhand shot by Daniel Carr.
10:19 of 2nd period - Shot Blocked by Kevin Veilleux.
10:33 of 2nd period - Slapshot by Stefan Elliott.
10:33 of 2nd period - Shot Blocked by Julian Melchiori.
10:35 of 2nd period - Wrist shot by Jonathan Marchessault.
10:35 of 2nd period - Shot Misses the Net.
10:37 of 2nd period - Snap shot by Jonathan Marchessault.
10:37 of 2nd period - Deflect By Daniel Carr.
10:37 of 2nd period - Shot Blocked by Julian Melchiori.
10:37 of 2nd period - Puck is out of play.
10:38 of 2nd period - Jared McCann wins face-off versus Jayson Megna in Rafales zone.
10:41 of 2nd period - Wrist shot by Martin Frk.
10:41 of 2nd period - Shot Misses the Net.
11:16 of 2nd period - Wrist shot by Mark Mancari.
11:16 of 2nd period - Stopped by Jake Allen without a rebound.
11:17 of 2nd period - Jonathan Marchessault wins face-off versus Jayson Megna in Rafales zone.
11:24 of 2nd period - Steven Kampfer is hit by Jayson Megna.
11:28 of 2nd period - Jonathan Marchessault is hit by Jayson Megna.
11:32 of 2nd period - Steven Kampfer is hit by Maksim Mayorov and loses puck.
11:43 of 2nd period - Andrew Shaw is hit by Jarred Tinordi and loses puck.
12:12 of 2nd period - Brian Ferlin is hit by Joel Edmundson and loses puck.
12:33 of 2nd period - Slapshot by Bruno Gervais.
12:33 of 2nd period - Stopped by Marek Mazanek with a rebound.
12:37 of 2nd period - Snap shot by Borna Rendulic.
12:37 of 2nd period - Shot Blocked by John Ramage.
12:39 of 2nd period - Slapshot by Bruno Gervais.
12:39 of 2nd period - Shot Blocked by John Ramage.
12:41 of 2nd period - Wrist shot by Ben Thomson.
12:41 of 2nd period - Stopped by Marek Mazanek with a rebound.
12:55 of 2nd period - Off-side.
12:56 of 2nd period - Nathan Davis wins face-off versus Nick Cousins in neutral zone.
12:59 of 2nd period - Daniel Carr is hit by Andrew Shaw and loses puck.
13:08 of 2nd period - Snap shot by Nick Cousins.
13:08 of 2nd period - Shot Blocked by Carl Klingberg.
13:34 of 2nd period - Wrist shot by Andrew Shaw.
13:34 of 2nd period - Stopped by Marek Mazanek without a rebound.
13:35 of 2nd period - Kevin Veilleux wins face-off versus Jonathan Marchessault in Sewer Rats zone.
14:04 of 2nd period - Snap shot by Martin Frk.
14:04 of 2nd period - Shot Blocked by Jayson Megna.
14:06 of 2nd period - Slapshot by Joseph Blandisi.
14:06 of 2nd period - Stopped by Jake Allen with a rebound.
14:08 of 2nd period - Wrist shot by John Ramage.
14:08 of 2nd period - Shot Hit the Post.
14:10 of 2nd period - Wrist shot by Joseph Blandisi.
14:10 of 2nd period - Goal by Joseph Blandisi - Rafales : 0 - Sewer Rats : 2.
14:11 of 2nd period - Jonathan Marchessault wins face-off versus Nathan Davis in neutral zone.
14:45 of 2nd period - Daniel Carr is hit by Julian Melchiori and loses puck.
14:56 of 2nd period - Snap shot by Tim Crowder.
14:56 of 2nd period - Shot Blocked by Martin Frk.
14:58 of 2nd period - Slapshot by Slater Koekkoek.
14:58 of 2nd period - Shot Blocked by Jarred Tinordi.
15:00 of 2nd period - Wrist shot by Tim Crowder.
15:00 of 2nd period - Stopped by Marek Mazanek with a rebound.
15:02 of 2nd period - Slapshot by Bruno Gervais.
15:02 of 2nd period - Shot Blocked by Steven Kampfer.
15:04 of 2nd period - Wrist shot by Connor Murphy.
15:04 of 2nd period - Goal by Connor Murphy - Rafales : 1 - Sewer Rats : 2.
15:05 of 2nd period - Jonathan Marchessault wins face-off versus Nathan Davis in neutral zone.
15:20 of 2nd period - Snap shot by Mark Mancari.
15:20 of 2nd period - Stopped by Jake Allen with a rebound.
15:38 of 2nd period - Snap shot by Martin Frk.
15:38 of 2nd period - Stopped by Jake Allen without a rebound.
15:39 of 2nd period - Jonathan Marchessault wins face-off versus Kevin Veilleux in Rafales zone.
15:59 of 2nd period - Minor Penalty to Tomas Tatar for Roughing.
16:00 of 2nd period - Mark Mancari wins face-off versus Nathan Davis in Sewer Rats zone.
17:59 of 2nd period - Penalty to Tomas Tatar is over, Tomas Tatar is back on ice.
18:08 of 2nd period - Jared McCann is hit by Nathan Davis and loses puck.
Goals for this period are 1 for Rafales vs 2 for Sewer Rats.
Shots for this period are 10 for Rafales vs 13 for Sewer Rats.

3rd period


0:01 of 3rd period - Jonathan Marchessault wins face-off versus Nathan Davis in neutral zone.
1:05 of 3rd period - Icing by Jarred Tinordi.
1:06 of 3rd period - Joe Labate wins face-off versus Jonathan Marchessault in Sewer Rats zone.
1:32 of 3rd period - Minor Penalty to Chris Terry for Holding.
1:33 of 3rd period - Carl Klingberg wins face-off versus Nick Cousins in Rafales zone.
1:49 of 3rd period - Wrist shot by Daniel Carr.
1:49 of 3rd period - Shot Blocked by Connor Murphy.
2:43 of 3rd period - Snap shot by Akim Aliu.
2:43 of 3rd period - Stopped by Marek Mazanek without a rebound.
2:44 of 3rd period - Jonathan Marchessault wins face-off versus Carl Klingberg in Sewer Rats zone.
3:32 of 3rd period - Penalty to Chris Terry is over, Chris Terry is back on ice.
3:45 of 3rd period - Wrist shot by Martin Frk.
3:45 of 3rd period - Stopped by Jake Allen with a rebound.
3:51 of 3rd period - John Ramage is hit by Maksim Mayorov and loses puck.
4:32 of 3rd period - Michael Dal Colle is hit by Nathan Davis and loses puck.
4:54 of 3rd period - Ben Thomson is hit by Stefan Elliott and loses puck.
5:06 of 3rd period - Off-side.
5:07 of 3rd period - Jonathan Marchessault wins face-off versus Jayson Megna in neutral zone.
5:28 of 3rd period - Minor Penalty to Dmitrij Jaskin for Boarding.
5:29 of 3rd period - Mark Mancari wins face-off versus Nathan Davis in Sewer Rats zone.
5:56 of 3rd period - Brian Ferlin is hit by Jonathan Marchessault and loses puck.
6:25 of 3rd period - Tomas Tatar is hit by Julian Melchiori and loses puck.
7:06 of 3rd period - Chris Terry is hit by Stefan Elliott.
7:28 of 3rd period - Penalty to Dmitrij Jaskin is over, Dmitrij Jaskin is back on ice.
7:44 of 3rd period - Snap shot by Nick Cousins.
7:44 of 3rd period - Stopped by Jake Allen with a rebound.
7:50 of 3rd period - Erik Condra is hit by Maksim Mayorov and loses puck.
8:03 of 3rd period - Snap shot by Borna Rendulic.
8:03 of 3rd period - Shot Misses the Net.
8:05 of 3rd period - Wrist shot by Borna Rendulic.
8:05 of 3rd period - Shot Blocked by John Ramage.
8:07 of 3rd period - Snap shot by Borna Rendulic.
8:07 of 3rd period - Stopped by Marek Mazanek with a rebound.
8:09 of 3rd period - Snap shot by Joe Labate.
8:09 of 3rd period - Goal by Joe Labate - Rafales : 2 - Sewer Rats : 2.
8:10 of 3rd period - Jonathan Marchessault wins face-off versus Carl Klingberg in neutral zone.
8:35 of 3rd period - Jarred Tinordi is hit by Julian Melchiori and loses puck.
8:58 of 3rd period - Icing by Steven Kampfer.
8:59 of 3rd period - Mark Mancari wins face-off versus Jayson Megna in Sewer Rats zone.
9:10 of 3rd period - Jayson Megna is hit by Dmitrij Jaskin and loses puck.
9:44 of 3rd period - Mark Mancari is hit by Connor Murphy and loses puck.
9:56 of 3rd period - Brian Ferlin is hit by Mark Mancari.
10:15 of 3rd period - Slapshot by Joseph Blandisi.
10:15 of 3rd period - Shot Misses the Net.
10:51 of 3rd period - Carl Klingberg is hit by Martin Frk and loses puck.
11:06 of 3rd period - Wrist shot by Mark Mancari.
11:06 of 3rd period - Deflect By Jonathan Marchessault.
11:06 of 3rd period - Shot Misses the Net.
11:06 of 3rd period - Puck is out of play.
11:07 of 3rd period - Jayson Megna wins face-off versus Jonathan Marchessault in Rafales zone.
11:37 of 3rd period - Off-side.
11:38 of 3rd period - Nick Cousins wins face-off versus Nathan Davis in neutral zone.
11:54 of 3rd period - Daniel Carr is hit by Nathan Davis.
12:38 of 3rd period - Wrist shot by Brian Ferlin.
12:38 of 3rd period - Deflect By Kevin Veilleux.
12:38 of 3rd period - Stopped by Marek Mazanek with a rebound.
12:40 of 3rd period - Snap shot by Bruno Gervais.
12:40 of 3rd period - Shot Blocked by Jarred Tinordi.
12:46 of 3rd period - Slapshot by Kevin Veilleux.
12:46 of 3rd period - Stopped by Marek Mazanek with a rebound.
12:48 of 3rd period - Wrist shot by Brian Ferlin.
12:48 of 3rd period - Shot Misses the Net.
12:50 of 3rd period - Slapshot by Chris Terry.
12:50 of 3rd period - Shot Blocked by Steven Kampfer.
12:52 of 3rd period - Wrist shot by Brian Ferlin.
12:52 of 3rd period - Shot Misses the Net.
12:54 of 3rd period - Slapshot by Connor Murphy.
12:54 of 3rd period - Deflect By Brian Ferlin.
12:54 of 3rd period - Shot Blocked by Mark Mancari.
12:54 of 3rd period - Puck is out of play.
12:55 of 3rd period - Nick Cousins wins face-off versus Nathan Davis in Sewer Rats zone.
12:57 of 3rd period - Minor Penalty to Nick Cousins for Tripping.
12:58 of 3rd period - Mark Mancari wins face-off versus Nathan Davis in Sewer Rats zone.
13:10 of 3rd period - Wrist shot by Julian Melchiori.
13:10 of 3rd period - Shot Misses the Net.
13:12 of 3rd period - Wrist shot by Andrew Shaw.
13:12 of 3rd period - Stopped by Marek Mazanek with a rebound.
13:14 of 3rd period - Wrist shot by Carl Klingberg.
13:14 of 3rd period - Shot Misses the Net.
14:57 of 3rd period - Penalty to Nick Cousins is over, Nick Cousins is back on ice.
15:09 of 3rd period - Wrist shot by Nick Cousins.
15:09 of 3rd period - Stopped by Jake Allen without a rebound.
15:10 of 3rd period - Jonathan Marchessault wins face-off versus Jayson Megna in Rafales zone.
15:13 of 3rd period - Snap shot by Tomas Tatar.
15:13 of 3rd period - Shot Misses the Net.
16:10 of 3rd period - Snap shot by Nathan Davis.
16:10 of 3rd period - Stopped by Marek Mazanek with a rebound.
16:12 of 3rd period - Snap shot by Andrew Shaw.
16:12 of 3rd period - Stopped by Marek Mazanek without a rebound.
16:13 of 3rd period - Jared McCann wins face-off versus Nathan Davis in Sewer Rats zone.
16:23 of 3rd period - Snap shot by Martin Frk.
16:23 of 3rd period - Stopped by Jake Allen without a rebound.
16:24 of 3rd period - Nathan Davis wins face-off versus Tomas Tatar in Rafales zone.
16:39 of 3rd period - Wrist shot by Nathan Davis.
16:39 of 3rd period - Shot Misses the Net.
16:58 of 3rd period - Steven Kampfer is hit by Julian Melchiori and loses puck.
17:10 of 3rd period - Bruno Gervais is hit by Stefan Elliott.
18:58 of 3rd period - Slapshot by Bruno Gervais.
18:58 of 3rd period - Stopped by Marek Mazanek with a rebound.
19:18 of 3rd period - Snap shot by Tim Crowder.
19:18 of 3rd period - Stopped by Marek Mazanek without a rebound.
19:19 of 3rd period - Jared McCann wins face-off versus Jayson Megna in Sewer Rats zone.
19:36 of 3rd period - Slapshot by Martin Frk.
19:36 of 3rd period - Shot Blocked by Slater Koekkoek.
Goals for this period are 1 for Rafales vs 0 for Sewer Rats.
Shots for this period are 10 for Rafales vs 4 for Sewer Rats.

Overtime #1


0:01 of 1st overtime period - Mark Mancari wins face-off versus Carl Klingberg in neutral zone.
0:06 of 1st overtime period - Snap shot by Tomas Tatar.
0:06 of 1st overtime period - Deflect By Andrew Shaw.
0:06 of 1st overtime period - Goal by Tomas Tatar - Rafales : 2 - Sewer Rats : 3.
Goals for this period are 0 for Rafales vs 1 for Sewer Rats.
Shots for this period are 0 for Rafales vs 1 for Sewer Rats.